Map: Berlingrad LE

Players

llllllllllll

  • Race: Terran Terran
  • League: Master

acheron - Winner!

  • Race: Protoss Protoss
  • League: Master

VOD

Have the link to the VOD?

Description

Time

  • Played on: April 7, 2022, 8:40 p.m.
  • Length: 6:40
Show
View Real Time Build Order
Export as new Build Order

llllllllllll Terran 

Build Orders:  

Get SALT Encoding   

  12  0:00  SCV  
  13  0:12  SCV  
  14  0:16  Supply Depot  
  14  0:24  SCV  
  15  0:38  SCV  
  15  0:39  Barracks  
  16  0:43  Refinery  
  16  0:50  SCV  
  17  1:02  SCV  
  18  1:14  SCV  
  19  1:27  Barracks Reactor  
  19  1:28  Orbital Command  
  19  1:41  Command Center  
  19  1:50  Supply Depot  
  20  1:54  SCV  
  20  2:01  Barracks  
  20  2:04  Marine  
  20  2:05  Marine  
  22  2:09  SCV  
  23  2:16  Barracks  
  23  2:21  SCV  
  24  2:23  Marine x2  
  26  2:33  SCV  
  27  2:41  Marine x2  
  29  2:45  SCV  
  29  2:48  Refinery  
  29  2:50  Barracks Tech Lab  
  30  2:54  Orbital Command  
  30  2:57  SCV  
  31  2:59  Marine x2  
  31  3:03  Barracks Tech Lab  
  33  3:08  Stimpack  
  33  3:09  Marine, SCV  
  35  3:17  Supply Depot  
  36  3:20  SCV  
  36  3:21  Marine, SCV  
  36  3:23  Marine  
  38  3:31  Marine, Combat Shield  
  36  3:36  Bunker  
  36  3:38  SCV x2  
  38  3:42  Marine x2  
  38  3:43  Marine  
  41  3:49  Marine  
  41  3:50  SCV x2  
  44  4:00  Marine x2  
  44  4:01  Marine  
  47  4:07  Marine, SCV x2  
  47  4:09  Supply Depot  
  50  4:14  Factory  
  50  4:19  SCV x2  
  50  4:20  Marine x2  
  54  4:30  Marine x2  
  54  4:31  Engineering Bay, SCV x2, Refinery  
  56  4:38  Marine  
  58  4:43  SCV x2  
  57  4:51  Marine x2  
  57  4:52  Marine  
  60  4:55  SCV x2  
  60  4:59  Factory Reactor, Starport  
  62  5:07  Concussive Shells  
  62  5:12  Supply Depot x2  
  62  5:22  Barracks x2  
  61  5:32  Marine  
  61  5:33  Marine  
  61  5:34  Marauder x2  
  67  5:39  SCV x2  
  69  5:44  Supply Depot x2  
  69  5:45  Medivac x2  
  69  5:47  Factory Tech Lab  
  73  5:51  SCV x2  
  73  5:56  Marine, Marauder  
  78  5:58  Marine  
  78  6:03  Marauder  
  68  6:12  Orbital Command  
  68  6:13  Marine  
  68  6:14  Marine  
  68  6:16  Marine  
  68  6:17  Marauder  
Show
View Real Time Build Order
Export as new Build Order

acheron Protoss - Winner!

Build Orders: 1 Gate Expand, Mass Adepts 

Get SALT Encoding   

  12  0:00  Probe  
  13  0:12  Probe  
  14  0:17  Pylon  
  14  0:24  Probe (Chrono Boost)  
  15  0:36  Probe (Chrono Boost)  
  15  0:37  Gateway  
  16  0:44  Probe (Chrono Boost)  
  16  0:45  Assimilator  
  17  0:51  Probe  
  18  1:03  Probe  
  19  1:07  Gateway  
  19  1:25  Cybernetics Core  
  19  1:37  Nexus  
  19  1:45  Pylon  
  19  2:00  Adept  
  19  2:01  Adept  
  23  2:03  Probe  
  23  2:07  Assimilator  
  24  2:15  Probe  
  25  2:17  Warp Gate (Chrono Boost)  
  25  2:27  Probe  
  26  2:30  Adept  
  26  2:36  Adept  
  30  2:49  Probe  
  31  2:54  Probe  
  32  3:00  Twilight Council  
  32  3:01  Probe  
  32  3:05  Adept, Forge  
  35  3:09  Adept  
  35  3:11  Probe  
  38  3:15  Probe  
  39  3:25  Protoss Ground Weapons Level 1 (Chrono Boost)  
  38  3:31  Probe x2  
  39  3:43  Probe x2  
  41  3:49  Pylon  
  41  3:51  Gateway  
  41  3:55  Gateway, Probe  
  41  4:02  Adept  
  44  4:04  Adept  
  44  4:07  Resonating Glaives (Chrono Boost)  
  46  4:16  Pylon  
  46  4:24  Gateway  
  46  4:27  Gateway  
  46  4:49  Probe x2  
  46  4:51  Gateway  
  46  4:52  Adept x2  
  52  4:58  Adept x2  
  56  5:01  Pylon  
  56  5:05  Probe  
  56  5:06  Probe  
  58  5:18  Probe  
  58  5:21  Adept x3  
  65  5:38  Adept x2  
  65  5:42  Pylon  
  69  5:43  Pylon  
  69  5:45  Pylon  
  69  5:50  Pylon  
  69  6:02  Adept x2  
  69  6:03  Adept x4  
  81  6:08  Adept  
  83  6:29  Adept x3  
  83  6:30  Adept x3  
Tags
 
Add a new tag
Caveats
  • Supply blocks, unpowered buildings, or Contaminate may cause inaccurate times.
  • Supply counts are checked every 10 seconds.